 Dungeon Crawl Stone Soup version 0.28.0 (webtiles) character file.

Game seed: 9630653360523606258

9 Descartes the Magician (level 2, -3/23 HPs)
             Began as a Djinni Warper on Feb 7, 2022.
             Slain by a hobgoblin (4 damage)
             ... on level 1 of the Dungeon.
             The game lasted 00:00:48 (432 turns).

Descartes the Magician (Djinni Warper)               Turns: 432, Time: 00:00:49

Health: -3/23      AC:  3    Str: 10    XL:     2   Next: 25%
Gold:   0          EV: 11    Int: 14    God:
                   SH:  0    Dex: 12

rFire   + + .      SeeInvis .   a - +0 falchion
rCold   x . .      Faith    .   (no shield)
rNeg    . . .      Spirit   .   b - +0 leather armour
rPois   ∞          Reflect  .   (no helmet)
rElec   .          Harm     .   (no cloak)
rCorr   .          Rampage  .   (no gloves)
Will    .....                   (boots unavailable)
Stlth   +.........              (no amulet)
HPRegen 0.07/turn               (no ring)
MPRegen 0.00/turn               (no ring)

@: flying
A: sickness immunity, fire resistance 2, cold vulnerability 1, float, innate
caster, HP casting, extra vitality 1
a: no special abilities


You were on level 1 of the Dungeon.
You visited 1 branch of the dungeon, and saw 1 of its levels.

Inventory:

Hand Weapons
 a - a +0 falchion (weapon)
Missiles
 d - 5 boomerangs of dispersal (quivered)
Armour
 b - a +0 leather armour (worn)
Scrolls
 c - a scroll of blinking
 e - a scroll of identify {unknown}
 f - a scroll of magic mapping {unknown}


   Skills:
 + Level 2.1 Fighting
 + Level 1.9 Long Blades
 + Level 0.9 Throwing
 + Level 1.1 Armour
 + Level 2.4 Dodging
 + Level 2.5 Spellcasting


You couldn't memorise any spells.
You knew the following spells:

 Your Spells              Type           Power      Damage    Failure   Level
a - Blink                 Tloc           16%        N/A       17%         2
b - Lesser Beckoning      Tloc           8%         N/A       32%         3
c - Gell's Gravitas       Tloc           8%         N/A       32%         3
d - Teleport Other        Tloc           8%         N/A       32%         3
e - Manifold Assault      Tloc           8%         N/A       97%         5
Your spell library was empty.

Dungeon Overview and Level Annotations

Branches:
Dungeon (1/15)

Altars:


Innate Abilities, Weirdness & Mutations

You are immune to sickness and miasma.
You are immune to poison.
Your flesh is very heat resistant. (rF++)
You are vulnerable to cold. (rC-)
You float through the air rather than walking.
You learn spells naturally, not from books.
Your magical power is your life essence.
You have superior vitality. (+4 MHP)


Message History

You completely miss the kobold. The kobold hits you with a +0 dagger.
You barely miss the kobold. The kobold hits you with a +0 dagger.
You hit the kobold.
The kobold is severely wounded.
The kobold hits you but does no damage. x2
You slash the kobold!
You kill the kobold!
You hit the kobold.
You kill the kobold!
The kobold throws a stone.
The stone hits you but does no damage. The kobold hits you but does no damage.
Things that are here:
a +0 short sword; a +0 dagger You hit the kobold.
The kobold is moderately wounded.
The kobold closely misses you. The kobold hits you with a +0 dagger.
* * * LOW HITPOINT WARNING * * *
You closely miss the kobold.
The kobold is moderately wounded.
The kobold hits you but does no damage.
You barely miss the kobold.
The kobold is moderately wounded.
The kobold hits you but does no damage.
You hit the kobold but do no damage.
The kobold is moderately wounded.
The kobold barely misses you.
You closely miss the kobold.
The kobold is moderately wounded.
The kobold completely misses you.
You barely miss the kobold. You punch the kobold.
You kill the kobold!
You closely miss the hobgoblin.
The hobgoblin hits you but does no damage.
You barely miss the hobgoblin. The hobgoblin hits you.
* * * LOW HITPOINT WARNING * * *
You closely miss the hobgoblin. The hobgoblin hits you.
* * * LOW HITPOINT WARNING * * *
The hobgoblin closely misses you.
You closely miss the hobgoblin. The hobgoblin hits you.
You die...

#.####.####.###.⌠.#...# #
##.####.###...#...#####
#...##.[.####.#........
#.⌠.##.⌠.# ##.#...# .
#...##...###..#...#
#.####.####.#....##...#
...............####...#
####.##############...#
................@g....#
..#.######.#########..# #.#.#
#.# ...... #.#.#
#.#########.###..# ....#
#.........#.. .. ....#
#####.######## # #...#
#......... .# #...#
#.###########.#.#
#...##########.######........#


You could see a hobgoblin.

Vanquished Creatures
  An endoplasm (D:1)
  A giant cockroach (D:1)
  A hobgoblin (D:1)
  3 kobolds (D:1)
  2 ball pythons (D:1)
  A frilled lizard (D:1)
9 creatures vanquished.

Notes
Turn   | Place    | Note
-------+----------+-------------------------------------------
     0 | D:1      | Descartes the Djinni Warper began the quest for the Orb.
     0 | D:1      | Reached XP level 1. HP: 18/18 MP: 0/0
   338 | D:1      | Reached XP level 2. HP: 23/23 MP: 0/0
   431 | D:1      | HP: 1/23 [hobgoblin (3)]
   432 | D:1      | Slain by a hobgoblin

Illustrated notes

Levels and vault maps discovered:
D:1:      dpeg_arrival_chambers_temple_mockup, layout_basic,
          hangedman_decor_opposing

Action                   || total
-------------------------++-------
Melee: Falchion          ||    40
       Punch             ||     1
Armor: Leather armour    ||    18
Dodge: Dodged            ||    22
